 Dungeon Crawl Stone Soup version 0.31.0-11-ge490571c62 (webtiles) character file.

Game seed: 10168344885045987122

81 Strat the Conjurer (level 4, -3/35 HPs)
             Began as an Armataur Conjurer on Jan 30, 2024.
             Slain by an orc
             ... wielding a +0 short sword
              (5 damage)
             ... on level 2 of the Dungeon.
             The game lasted 00:02:59 (1142 turns).

Strat the Conjurer (Armataur Conjurer)              Turns: 1142, Time: 00:02:59

Health: -3/35      AC:  4    Str: 15    XL:     4   Next: 19%
Magic:  2/6        EV:  9    Int: 18    God:
Gold:   13         SH:  0    Dex:  8    Spells: 3/6 levels left

rFire   . . .        b - +2 sling (drain)
rCold   . . .        (no shield)
rNeg    . . .        e - +0 robe
rPois   .            (no helmet)
rElec   .            (no cloak)
rCorr   .            (no gloves)
SInv    .            (no barding)
Will    .....        (no amulet)
Stlth   ++           (no ring)
HPRegen 0.25/turn    (no ring)
MPRegen 0.10/turn

%: roll
@: no status effects
A: large, deformed body, tough skin 3, armoured tail, roll 1
a: no special abilities


You were on level 2 of the Dungeon.
You visited 1 branch of the dungeon, and saw 2 of its levels.

You collected 13 gold pieces.

Inventory:

Hand Weapons
 a - a +0 long sword
 b - a +2 sling of draining (weapon)
 d - a +0 whip
Missiles
 c - 31 stones
Armour
 e - a +0 robe (worn)
Scrolls
 g - 2 scrolls of identify {unknown}
 i - a scroll of immolation {unknown}
Potions
 f - a potion of magic
 h - a potion of enlightenment {unknown}
 j - a potion of lignification {unknown}
 k - a potion of heal wounds {unknown}


   Skills:
 + Level 1.3 Fighting
 - Level 1.3 Dodging
 - Level 2.1 Stealth
 - Level 1.7 Spellcasting
 - Level 5.0 Conjurations


You had 3 spell levels left.
You knew the following spells:

 Your Spells              Type           Power      Damage    Failure   Level
a - Magic Dart            Conj           76%        1d6       2%          1
b - Searing Ray           Conj           38%        2d5       3%          2

Your spell library contained the following spells:

 Spells                   Type           Power      Damage    Failure   Level
 Fulminant Prism          Conj/Alch      5%         3d7       54%         4
 Iskenderun's Mystic Bla  Conj/Tloc      10%        2d4       54%         4
 Animate Dead             Necr           1%         N/A       88%         4
 Haunt                    Necr/Summ      0%         N/A       100%        7
 Infestation              Necr           0%         N/A       100%        8


Dungeon Overview and Level Annotations

Branches:
Dungeon (2/15)

Altars:


Innate Abilities, Weirdness & Mutations

Armour fits poorly on your strangely shaped body.
You have extremely tough skin. (AC +3)
You have a long armoured tail.
You regenerate magic when rolling toward enemies. (Rampage MPRegen)


Message History

The orc wizard is heavily wounded.
The orc wizard hits you with a +0 dagger.
* * * LOW HITPOINT WARNING * * *
The orc wizard hits you with a +0 dagger.
* * * LOW HITPOINT WARNING * * *
The orc wizard attacks as it pursues you!
The orc wizard barely misses you.
You clumsily bash the orc wizard but do no damage.
The orc wizard is heavily wounded.
The orc wizard hits you with a +0 dagger.
* * * LOW HITPOINT WARNING * * *
You bump into the rock wall.
The orc wizard hits you with a +0 dagger.
* * * LOW HITPOINT WARNING * * *
You're too confused to move!
The orc wizard hits you but does no damage.
You bump into the rock wall.
The orc wizard hits you with a +0 dagger.
* * * LOW HITPOINT WARNING * * *
You bump into the rock wall.
You feel less confused. The orc wizard closely misses you.
You shoot a sling bullet. The sling bullet hits the orc wizard.
You drain the orc wizard.
You kill the orc wizard!
Your Fighting skill increases to level 1!
You have reached level 4!
You feel stronger.
You shoot a sling bullet.
The sling bullet closely misses the orc.
The orc hits you with a +0 short sword.
* * * LOW HITPOINT WARNING * * *
The orc barely misses you.
You shoot a sling bullet.
The sling bullet hits the orc but does no damage.
The orc barely misses you.
You shoot a sling bullet.
The sling bullet closely misses the orc.
The orc hits you but does no damage. The orc hits you with a +0 short sword.
You die...

#.# #.# #.# #.# #.#
#.# #.#
#################<#
#...)o@.........†.#
#.#################
#)# #.# ## #.# o.
#.#.# #.).# #####


You could see an orc.

Vanquished Creatures
  2 orc wizards (D:2)
  A ribbon worm (D:2)
  2 orcs (D:2)
  An endoplasm (D:1)
  A giant cockroach (D:1)
  5 goblins (D:1)
  3 hobgoblins (D:1)
  2 quokkas (D:1)
  A ball python (D:1)
  3 bats (D:1)
  3 frilled lizards (D:1)
  A kobold (D:1)
  3 rats (D:1)
28 creatures vanquished.

Notes
Turn   | Place    | Note
-------+----------+-------------------------------------------
     0 | D:1      | Strat the Armataur Conjurer began the quest for the Orb.
     0 | D:1      | Reached XP level 1. HP: 14/14 MP: 3/3
   354 | D:1      | Reached skill level 4 in Conjurations
   383 | D:1      | Reached XP level 2. HP: 20/20 MP: 2/4
   386 | D:1      | Learned a level 2 spell: Searing Ray
  1035 | D:2      | Reached XP level 3. HP: 16/26 MP: 1/5
  1109 | D:2      | Reached skill level 5 in Conjurations
  1137 | D:2      | HP: 1/26 [orc wizard/+0 dagger (2)]
  1140 | D:2      | Reached skill level 1 in Fighting
  1140 | D:2      | Reached XP level 4. HP: 2/35 MP: 2/6
  1142 | D:2      | Slain by an orc

Illustrated notes

Levels and vault maps discovered:
D:1:      shiori_arrival_maze, layout_basic, solitary_fountain,
          minmay_shallow_snake_nest
D:2:      minmay_chambers_of_twos, layout_basic, uniq_terence

Skill      XL: |  1  2  3 |
---------------+----------+-----
Conjurations   | 4 5 |  5.0
Fighting       | 1 |  1.3
Dodging        | |  1.3
Stealth        | |  2.1
Spellcasting   | |  1.7

Action                     |  1- 3 |  4- 6 || total
---------------------------+-------+-------++-------
  Melee: Unarmed           |     8 |       ||     8
         Long sword        |     1 |       ||     1
         Sling             |     4 |       ||     4
         Punch             |     1 |       ||     1
   Fire: Sling             |    40 |     3 ||    43
   Cast: Magic Dart        |    22 |       ||    22
         Searing Ray       |     5 |       ||     5
 Armour: Robe              |    40 |     3 ||    43
  Dodge: Dodged            |    23 |     2 ||    25
